 Dungeon Crawl Stone Soup version 0.29.1-13-g9f3cf754e1 (webtiles) character file.

Game seed: 1092217087966948983

29 shadowmeld the Insei (level 3, 0/27 HPs)
             Began as a Djinni Transmuter on Jan 31, 2023.
             Slain by an orc
             ... wielding a +0 war axe
              (10 damage)
             ... on level 2 of the Dungeon.
             The game lasted 00:05:45 (1961 turns).

shadowmeld the Insei (Djinni Transmuter)            Turns: 1961, Time: 00:05:46

Health: 0/27       AC:  2    Str:  9    XL:     3   Next: 32%
Gold:   109        EV: 12    Int: 16    God:
                   SH:  0    Dex: 13

rFire   + + .      SeeInvis .     - Unarmed
rCold   x . .      Faith    .   (no shield)
rNeg    . . .      Spirit   .   a - +0 robe
rPois   ∞          Reflect  .   (no helmet)
rElec   .          Harm     .   (no cloak)
rCorr   .          Rampage  .   (no gloves)
Will    .....                   (boots unavailable)
Stlth   +.........              (no amulet)
HPRegen 0.09/turn               (no ring)
MPRegen 0.00/turn               (no ring)

@: flying
A: sickness immunity, fire resistance 2, cold vulnerability 1, float, innate
caster, HP casting, extra vitality 1
a: no special abilities


You were on level 2 of the Dungeon.
You visited 1 branch of the dungeon, and saw 2 of its levels.

You collected 109 gold pieces.

Inventory:

Armour
 a - a +0 robe (worn)
Scrolls
 d - a scroll of torment {unknown}
 g - a scroll of magic mapping {unknown}
 h - 2 scrolls of teleportation {unknown}
 i - a scroll of identify {unknown}
Potions
 b - 3 potions of lignification
 c - a potion of attraction {unknown}
 e - a potion of haste {unknown}
 f - 2 potions of curing {unknown}


   Skills:
 * Level 1.3 Fighting
 * Level 2.5 Dodging
 + Level 3.4 Unarmed Combat
 * Level 2.0 Spellcasting


You couldn't memorise any spells.
You knew the following spells:

 Your Spells              Type           Power      Damage    Failure   Level
a - Beastly Appendage     Tmut           16%        N/A       9%          1
b - Wereblood             Tmut           8%         N/A       13%         2
c - Spider Form           Tmut/Pois      8%         N/A       26%         3
d - Ice Form              Ice/Tmut       8%         N/A       65%         4
e - Summon Small Mammal   Summ           32%        N/A       9%          1
Your spell library was empty.

Dungeon Overview and Level Annotations

Branches:
Dungeon (2/15)

Altars:

Shops:
D:1 (


Innate Abilities, Weirdness & Mutations

You are immune to sickness and miasma.
You are immune to poison.
Your flesh is very heat resistant. (rF++)
You are vulnerable to cold. (rC-)
You float through the air rather than walking.
You learn spells naturally, not from books.
Your magical power is your life essence.
You have superior vitality. (+4 MHP)


Message History

Your bat hits the orc.
Your bat barely misses the orc.
Your bat misses the orc. The orc closely misses you. The orc misses your bat.
The orc closely misses your bat.
Your bat hits the orc.
You see here 9 gold pieces.
You hit the orc.
The orc is severely wounded.
Your transformation is almost over.
Your bat hits the orc. x2
The orc dies!
Your bat hits the orc. The orc hits your bat with a +0 club.
Your bat dies!
Your bat's corpse disappears in a puff of smoke!
You see here 9 gold pieces.
You now have 109 gold pieces (gained 9).
Your bat hits the orc.
An orc comes into view.
It is wielding a +0 war axe and wearing a +0 ring mail of willpower.
Casting: Beastly Appendage (safe; 9% risk of failure)
Confirm with . or Enter, or press ? or * to list all spells.
Okay, then.
Unknown command.
The orc barely misses you.
Your bat barely misses the orc.
You barely miss the orc. Your headbutt misses the orc. You punch the orc.
The orc is heavily wounded.
Your bat hits the orc. The orc closely misses you.
You barely miss the orc.
The orc is heavily wounded.
The orc hits you but does no damage. The orc barely misses your bat.
You closely miss the orc. Your headbutt misses the orc.
The orc is heavily wounded.
Your bat barely misses the orc.
The orc closely misses you.
You barely miss the orc.
The orc is heavily wounded.
Your bat barely misses the orc.
The orc barely misses you. The orc hits you with a +0 club.
You hit the orc but do no damage.
The orc is heavily wounded.
Your horns disappear.
Your bat hits the orc but does no damage.
The orc hits you with a +0 war axe!
You die...

##.........#
...#.#######
...#.#######
##.........#
##....###.# ##...#
#.# ##...###'#+#####
.##..............#
..............))@#
##............boo#
#######..........#
.........>.......#
...................
#######...........o#
#..........###
###+#....... .#####


You could see 2 orcs and a friendly bat (summoned).

Vanquished Creatures
  2 dart slugs (D:1)
  An orc (D:2)
  3 endoplasms (D:1)
  2 hobgoblins
  3 quokkas (D:1)
  2 ball pythons
  2 goblins (D:1)
  2 kobolds (D:1)
17 creatures vanquished.

Vanquished Creatures (collateral kills)
  An orc (D:2)
  A goblin (D:2)
  A kobold (D:2)
3 creatures vanquished.

Grand Total: 20 creatures vanquished

Notes
Turn   | Place    | Note
-------+----------+-------------------------------------------
     0 | D:1      | shadowmeld the Djinni Transmuter began the quest for the
                  | Orb.
     0 | D:1      | shadowmeld set off with the following spells memorised:
                  | Beastly Appendage, Wereblood, Spider Form, Ice Form.
     0 | D:1      | Reached XP level 1. HP: 17/17 MP: 0/0
   681 | D:1      | Reached XP level 2. HP: 18/22 MP: 0/0
   930 | D:1      | Found Lofusong's Antique Weapon Boutique.
  1381 | D:1      | Reached XP level 3. HP: 27/27 MP: 0/0
  1381 | D:1      | Learned a level 1 spell: Summon Small Mammal
  1490 | D:2      | Noticed a phantom
  1961 | D:2      | Slain by an orc

Illustrated notes

Levels and vault maps discovered:
D:1:      dpeg_arrival_concentric_ovals, layout_basic, serial_shops, shop
D:2:      layout_basic, hellmonk_ecumenical_altar_leap_of_faith,
          amethyst_killhole, minmay_misc_feat_hallway, palyth_stone_intersect,
          minmay_misc_feat_five

Skill      XL: |  1  2  3 |
---------------+----------+-----
Spellcasting   | 2 |  2.0
Fighting       | |  1.3
Dodging        | |  2.5
Unarmed Combat | |  3.4

Action                   || total
-------------------------++-------
Melee: Unarmed           ||    49
       Headbutt          ||     8
       Punch             ||     1
 Cast: Beastly Appendage ||    14
       Summon Small Mamm ||    19
Armor: Robe              ||     5
Dodge: Dodged            ||    34
